Match 47390521
Unlisted

Match 47390521
End
Pioneer Squad
Selects Luftwaffe Battlegroup
Selects Luftwaffe Pioneer Support
Fallschirmpioneer Squad Paradrop
Construct Infanterie Kompanie
Grenadier Squad
Grenadier Squad
Grenadier Squad
Construct Panzergrenadier Kompanie
251 Medium Carrier
Fallschirmpioneer Squad Paradrop
Selects LG40 Recoilless Gun Paradrop
Pak 40 Anti-tank Gun Team
Panzergrenadier Officer Quarters
Infanterie Officer Quarters
Construct Panzer Kompanie
MG 42 Machine Gun Team
Pak 40 Anti-tank Gun Team
Panzer IV Medium Tank
Stoßtruppen Squad
IIGaryII
Khayyam
0
0

Comments sign in to comment!

No comments posted yet!